 Dungeon Crawl Stone Soup version 0.21.1-1-g345015f (webtiles) character file.

770 pox the Changer (level 7, 0/63 HPs)
             Began as a Merfolk Transmuter on July 30, 2018.
             Was an Initiate of Ashenzari.
             Slain by a mummy (16 damage)
             ... in an ossuary.
             The game lasted 00:23:46 (5431 turns).

pox the Changer (Merfolk Transmuter)                Turns: 5431, Time: 00:23:47

Health: 0/63       AC:  5    Str: 10    XL:     7   Next: 82%
Magic:  10/10      EV: 13    Int: 13    God:    Ashenzari [......]
Gold:   194        SH:  0    Dex: 16    Spells: 3/11 levels left

rFire    x . .     SeeInvis .     - Unarmed
rCold    + + +     Gourm    .   (shield currently unavailable)
rNeg     . . .     Faith    .   (armour currently unavailable)
rPois    +         Spirit   .   (helmet currently unavailable)
rElec    .         Reflect  .   (cloak currently unavailable)
rCorr    +         Harm     .   (gloves currently unavailable)
MR       .....                  (boots currently unavailable)
Stlth    +.........             x - amulet of magic regeneration (curse)
HPRegen  0.20/turn              p - ring of poison resistance
MPRegen  0.37/turn              z - ring of resist corrosion

@: ice-form
A: large, (change form in water), (swift swim), (stealthy swim)
a: End Transformation, Curse Item, Renounce Religion


You were in an ossuary.
You worshipped Ashenzari.
Ashenzari was noncommittal.
You were very hungry.
You were a creature of crystalline ice.
You visited 2 branches of the dungeon, and saw 7 of its levels.
You also visited: Ossuary.

You collected 236 gold pieces.
You spent 42 gold pieces at shops.

Inventory:

Hand Weapons
 q - a +0 dagger of protection
 t - a +2 dagger of venom
Missiles
 a - 49 arrows
 f - 34 poisoned needles
 g - 31 stones (quivered)
 y - 3 javelins
Armour
 b - a +0 robe
 w - a cursed +0 robe (melded)
 A - a +0 pair of gloves (melded)
Jewellery
 p - a ring of poison resistance (left front paw)
 x - a cursed amulet of magic regeneration (around neck)
 z - a ring of resist corrosion (right front paw)
Scrolls
 e - 3 scrolls of identify
 i - a scroll of amnesia {unknown}
 j - a scroll of enchant weapon {unknown}
 k - 2 scrolls of blinking {unknown}
 m - 2 scrolls of random uselessness {unknown}
 o - 3 scrolls of teleportation {unknown}
 r - a scroll of fear {unknown}
 s - 2 scrolls of fog {unknown}
Potions
 h - a potion of ambrosia {unknown}
 l - a potion of might {unknown}
 n - 2 potions of invisibility {unknown}
 u - a potion of curing {unknown}
 v - 2 potions of heal wounds {unknown}
 B - a potion of haste {unknown}
Books
 c - a book of Changes

   Spells                             Type                      Level
   a - Beastly Appendage              Transmutation                1
   b - Sticks to Snakes               Transmutation                2
   c - Spider Form                    Transmutation/Poison         3
   d - Ice Form                       Ice/Transmutation            4
   e - Blade Hands                    Transmutation                5
Comestibles
 d - 15 rations


   Skills:
 + Level 3.7 Fighting
 + Level 5.0 Dodging
 + Level 4.9 Unarmed Combat
 + Level 2.6 Spellcasting
 * Level 6.4 Transmutations
 + Level 2.4 Ice Magic
 + Level 2.5 Poison Magic


You had 3 spell levels left.
You knew the following spells:

 Your Spells              Type           Power        Failure   Level  Hunger
a - Beastly Appendage     Tmut           ###...       1%          1    #......
b - Spider Form           Tmut/Pois      ##........   12%         3    ###....
c - Ice Form              Ice/Tmut       ##......     36%         4    #####..


Dungeon Overview and Level Annotations

Branches:
Dungeon (6/15)             Temple (1/1) D:4

Altars:
Ashenzari
Cheibriados
Elyvilon
Gozag
Hepliaklqana
Kikubaaqudgha
Makhleb
Nemelex Xobeh
Okawaru
Qazlal
Ru
Trog
Uskayaw
Wu Jian
Xom
Yredelemnul
The Shining One

Shops:
D:4 ?

Annotations:
D:4 blackflag1's ghost, novice MiAK


Message History

The gnoll zombie hits you but does no damage.
You hit the gnoll zombie.
The gnoll zombie is lightly damaged.
The mummy completely misses you.
You punch the gnoll zombie!
The gnoll zombie is severely damaged.
The gnoll zombie misses you.
You punch the gnoll zombie!
You destroy the gnoll zombie!
Your Dodging skill increases to level 5!
The mummy barely misses you.
You punch the mummy!
The mummy is moderately damaged.
The mummy barely misses you.
You punch the mummy!
The mummy is severely damaged.
The mummy closely misses you. The mummy hits you!
* * * LOW HITPOINT WARNING * * *
The mummy hits you!
You die...

... #### ..
..... ##..## ...
.....##....##...
................
...............
#..............
#..MMM...#
#.MY...#
##....## #....#
#....# #....#
#....# #....#
#....# #....#


You could see 4 mummies.

Vanquished Creatures
  An ogre (D:4)
  A centaur (D:5)
  A scorpion (D:5)
  A howler monkey (D:6)
  A quasit (D:5)
  3 hounds (D:5)
  A jelly (D:5)
  An orc priest (D:4)
  Jessica (D:2)
  2 worker ants (D:5)
  An iguana (D:6)
  A hound skeleton (D:5)
  3 mummies
  A worker ant zombie (D:5)
  A gnoll (D:5)
  7 adders
  2 oozes
  An adder skeleton (D:4)
  A worm (D:2)
  3 dart slugs
  3 leopard geckos
  8 orcs
  4 bats
  8 giant cockroaches
  4 gnoll zombies (Ossuary)
  7 goblins
  6 hobgoblins
  3 jackals
  5 kobolds
  A quokka (D:5)
  4 ball pythons
  3 frilled lizards
  2 kobold zombies (Ossuary)
  2 orc zombies (Ossuary)
  9 rats
  A spectral orc (D:5)
104 creatures vanquished.

Notes
Turn   | Place    | Note
-------+----------+-------------------------------------------
     0 | D:1      | pox the Merfolk Transmuter began the quest for the Orb.
     0 | D:1      | Reached XP level 1. HP: 15/15 MP: 3/3
    79 | D:1      | Reached XP level 2. HP: 13/21 MP: 3/5
   287 | D:1      | Reached skill level 3 in Transmutations
   809 | D:1      | Reached XP level 3. HP: 25/27 MP: 6/6
   848 | D:1      | Learned a level 3 spell: Spider Form
  1636 | D:2      | Reached XP level 4. HP: 31/33 MP: 4/7
  1681 | D:2      | Noticed Jessica
  1689 | D:2      | Killed Jessica
  1789 | D:2      | Reached skill level 4 in Transmutations
  1789 | D:2      | Reached skill level 1 in Poison Magic
  2060 | D:2      | Reached XP level 5. HP: 21/39 MP: 8/8
  2203 | D:2      | Learned a level 4 spell: Ice Form
  3090 | D:3      | Found an ancient bone altar of Kikubaaqudgha.
  3090 | D:3      | Found a hide-covered altar of Uskayaw.
  3449 | D:4      | Noticed blackflag1's ghost (novice MiAK)
  3478 | D:4      | Found Coesog's Magic Scroll Shoppe.
  3830 | D:4      | Found a white marble altar of Elyvilon.
  3831 | D:4      | Found a glowing golden altar of the Shining One.
  3919 | D:4      | Found a staircase to the Ecumenical Temple.
  3923 | Temple   | Entered the Ecumenical Temple
  4162 | Temple   | Became a worshipper of Ashenzari the Shackled
  4213 | D:4      | Noticed an ogre
  4220 | D:4      | Killed an ogre
  4220 | D:4      | Reached skill level 5 in Transmutations
  4220 | D:4      | Reached skill level 1 in Ice Magic
  4220 | D:4      | Reached XP level 6. HP: 46/46 MP: 7/9
  4270 | D:4      | Bought a scroll of remove curse for 42 gold pieces
  4307 | D:5      | Entered Level 5 of the Dungeon
  4423 | D:5      | Found a snail-covered altar of Cheibriados.
  4461 | D:5      | Found an iron altar of Okawaru.
  4598 | D:5      | Reached XP level 7. HP: 42/52 MP: 10/10
  4783 | D:5      | Found a basalt altar of Yredelemnul.
  4881 | D:5      | Reached skill level 6 in Transmutations
  5246 | D:6      | Found a sand-covered staircase.
  5394 | Ossuary  | Entered an ossuary
  5429 | Ossuary  | Reached skill level 5 in Dodging
  5431 | Ossuary  | Slain by a mummy

Skill      XL: |  1  2  3  4  5  6  7 |
---------------+----------------------+-----
Dodging        | 3 4 5 |  5.0
Transmutations | 3 4 5 6 |  6.4
Fighting       | 2 3 |  3.7
Poison Magic   | 1 2 |  2.5
Unarmed Combat | 4 |  4.9
Ice Magic      | 1 2 |  2.4
Spellcasting   | |  2.6

Action                   |  1- 3 |  4- 6 |  7- 9 || total
-------------------------+-------+-------+-------++-------
Melee: Unarmed           |    93 |   158 |   114 ||   365
       Headbutt          |     6 |     4 |     6 ||    16
       Tailslap          |     5 |       |       ||     5
       Punch             |     2 |     5 |       ||     7
Throw: Stone             |    13 |       |       ||    13
 Cast: Beastly Appendage |     4 |     4 |     2 ||    10
       Spider Form       |     1 |     8 |     3 ||    12
       Ice Form          |       |       |     1 ||     1
Invok: Curse Item        |       |     1 |       ||     1
  Use: Scroll            |       |     1 |       ||     1
 Stab: Sleeping          |     1 |     2 |     1 ||     4
  Eat: Chunk             |     2 |    11 |     2 ||    15
Armor: Robe              |    14 |    26 |     3 ||    43
       Skin              |       |     2 |     8 ||    10
Dodge: Dodged            |    72 |   114 |    98 ||   284
